 Dungeon Crawl Stone Soup version 0.31-a0-845-g9abc20d24f (webtiles) character file.

Game seed: 3586120407977357307

102 BinkBink the Shooter (level 4, -2/26 HPs)
             Began as a Deep Elf Hunter on Oct 1, 2023.
             Slain by a gnoll
             ... wielding a +0 spear
              (4 damage)
             ... on level 3 of the Dungeon.
             The game lasted 00:03:52 (1632 turns).

BinkBink the Shooter (Deep Elf Hunter)              Turns: 1632, Time: 00:03:53

Health: -2/26      AC:  3    Str:  8    XL:     4   Next: 50%
Magic:  6/6        EV: 13    Int: 14    God:
Gold:   67         SH:  0    Dex: 20    Spells: 3/3 levels left

rFire   . . .        a - +0 shortbow
rCold   . . .        (shield currently unavailable)
rNeg    . . .        c - +0 leather armour
rPois   .            (no helmet)
rElec   .            (no cloak)
rCorr   .            (no gloves)
SInv    .            (no boots)
Will    .....        (no amulet)
Stlth   ++           (no ring)
HPRegen 0.24/turn    (no ring)
MPRegen 0.10/turn

%: no passive effects
@: no status effects
A: no striking features
a: no special abilities


You were on level 3 of the Dungeon.
You visited 1 branch of the dungeon, and saw 3 of its levels.

You collected 129 gold pieces.
You spent 62 gold pieces at shops.

Inventory:

Hand Weapons
 a - a +0 shortbow (weapon)
Armour
 c - a +0 leather armour (worn)
Scrolls
 f - a scroll of teleportation
Potions
 b - a potion of heal wounds {unknown}
 d - 2 potions of might
 e - a potion of haste {unknown}
 g - a potion of curing {unknown}
 i - a potion of attraction {unknown}
 j - a potion of mutation {unknown}


   Skills:
 + Level 2.2 Fighting
 * Level 6.4 Ranged Weapons
 + Level 3.4 Dodging
 + Level 2.7 Stealth


You had 3 spell levels left.
You didn't know any spells.
Your spell library was empty.

Dungeon Overview and Level Annotations

Branches:
Dungeon (3/15)

Altars:

Shops:
D:2 *


Message History

You shoot an arrow.
The arrow hits the gnoll but does no damage.
An endoplasm comes into view.
The gnoll throws a throwing net.
The throwing net closely misses you.
You shoot an arrow.
The arrow hits the gnoll but does no damage.
You shoot an arrow. The arrow barely misses the gnoll.
You shoot an arrow. The arrow hits the gnoll.
The gnoll is lightly wounded.
The gnoll misses you.
You shoot an arrow. The arrow hits the endoplasm!
You kill the endoplasm!
The gnoll hits you from afar with a +0 spear.
You shoot an arrow. The arrow hits the gnoll.
The gnoll is moderately wounded.
The gnoll misses you. x2
You shoot an arrow. The arrow closely misses the gnoll.
The gnoll throws a throwing net.
The throwing net closely misses you. The gnoll barely misses you.
You shoot an arrow. The arrow closely misses the gnoll.
The gnoll misses you. The gnoll hits you but does no damage.
You shoot an arrow. The arrow closely misses the gnoll.
The gnoll barely misses you. The gnoll closely misses you.
You shoot an arrow. The arrow hits the endoplasm.
The endoplasm is moderately wounded.
The gnoll misses you. x2
The endoplasm freezes you.
You are frozen.
The gnoll completely misses you.
The endoplasm hits you but does no damage.
The gnoll hits you from afar with a +0 spear!
As you read the scroll of summoning, it crumbles to dust.
Wisps of shadow whirl around you...
The gnoll hits you from afar with a +0 spear. x2
* * * LOW HITPOINT WARNING * * *
The endoplasm barely misses you.
Your bat hits the endoplasm but does no damage.
The endoplasm hits your bat. The gnoll attacks as it pursues you!
The gnoll misses you.
The gnoll hits you from afar with a +0 spear.
You die...

....†.#...#..........#
..........#..........#
..................#########
..............>............
..................########.
#..............((.......
........(...######
$...........# #....Jb@...#
#....lgK....# ......g.....#
.##.........# #.!.........
#.)..........
...............
...###........#


You could see 2 gnolls, an endoplasm (ally target), a friendly bat (summoned), a
friendly kobold (summoned) and a friendly frilled lizard (summoned).

Vanquished Creatures
  A jelly (D:3)
  A gnoll (D:3)
  2 adders (D:3)
  6 endoplasms
  4 goblins
  4 hobgoblins
  6 jackals
  3 kobolds (D:1)
  3 ball pythons
  6 bats
  3 frilled lizards
  A rat (D:2)
40 creatures vanquished.

Notes
Turn   | Place    | Note
-------+----------+-------------------------------------------
     0 | D:1      | BinkBink the Deep Elf Hunter began the quest for the Orb.
     0 | D:1      | Reached XP level 1. HP: 12/12 MP: 3/3
   112 | D:1      | Reached XP level 2. HP: 15/17 MP: 4/4
  1013 | D:2      | Reached XP level 3. HP: 21/21 MP: 5/5
  1104 | D:2      | Found Cosun's Assorted Antiques.
  1232 | D:2      | Bought a scroll labelled ZIM MAGIMAOMOE for 31 gold pieces
  1232 | D:2      | Bought a scroll labelled OZYECVO PEUKI for 31 gold pieces
  1349 | D:3      | Reached skill level 6 in Ranged Weapons
  1373 | D:3      | Reached XP level 4. HP: 16/26 MP: 6/6
  1632 | D:3      | Slain by a gnoll

Illustrated notes

Levels and vault maps discovered:
D:1:      heliophobic_arrival_dark_side_of_the_moon, layout_basic
D:2:      layout_basic, serial_shops, nicolae_shop_window_shopping,
          hangedman_decor_push
D:3:      layout_basic, minmay_quantized

Skill      XL: |  1  2  3 |
---------------+----------+-----
Stealth        | 2 |  2.7
Dodging        | 3 |  3.4
Fighting       | 2 |  2.2
Ranged Weapons | 6 |  6.4

Action                     |  1- 3 |  4- 6 || total
---------------------------+-------+-------++-------
   Fire: Shortbow          |    80 |    39 ||   119
    Use: Scroll            |     9 |     1 ||    10
 Armour: Leather armour    |    25 |    12 ||    37
  Dodge: Dodged            |    21 |    23 ||    44

Table legend: (Time is in decaauts)
 A = Elapsed time spent in this place.
 B = Non-inter-level travel time spent in this place.
 C = Inter-level travel time spent in this place.
 D = Time resting spent in this place.
 E = Time spent auto-exploring this place.
 F = Levels seen in this place.
 G = Mean time per level.
                   A        B        C        D        E       F      G
               +--------+--------+--------+--------+--------+-----+--------+
         Total |   1650 |   1580 |     70 |     38 |   1250 |   3 |  550.0 |
       Dungeon |   1650 |   1580 |     70 |     38 |   1250 |   3 |  550.0 |
               +--------+--------+--------+--------+--------+-----+--------+

Top non-repeatable levels by time:
     D:2: 677 daAuts
     D:1: 673 daAuts
     D:3: 300 daAuts
